Map: Newkirk Precinct TE (Void)

Players

Musumeci - Winner!

  • Race: Zerg Zerg
  • League: Diamond
  • Spawn Location: 7:00

Five

  • Race: Terran Terran
  • League: Diamond
  • Spawn Location: 5:00

VOD

Have the link to the VOD?

Description

Time

  • Played on: April 2, 2017, 3:49 p.m.
  • Length: 18:43
Show
View Real Time Build Order
Export as new Build Order

Musumeci Zerg - Winner!

Build Orders: Hatch First 

Get SALT Encoding   

  12  0:00  Drone  
  13  0:08  Drone  
  14  0:14  Extractor  
  14  0:15  Drone  
  15  0:42  Hatchery  
  14  0:45  Extractor  
  14  0:46  Drone  
  15  1:02  Spawning Pool  
  14  1:06  Extractor  
  14  1:07  Drone  
  14  1:13  Extractor  
  14  1:14  Drone  
  16  1:19  Overlord  
  16  1:37  Drone  
  16  1:38  Drone  
  18  1:40  Drone  
  19  1:49  Queen  
  19  1:54  Queen  
  21  1:56  Drone  
  21  2:00  Drone  
  25  2:05  Overlord  
  25  2:09  Drone  
  25  2:13  Drone  
  27  2:15  Drone  
  28  2:24  Queen  
  30  2:32  Queen  
  30  2:35  Drone  
  33  2:38  Overlord  
  33  2:48  Extractor  
  33  2:49  Extractor  
  33  2:50  Roach Warren  
  30  2:51  Drone  
  30  2:53  Drone  
  30  2:55  Drone  
  30  2:58  Drone  
  34  3:17  Queen x2  
  38  3:23  Drone  
  38  3:24  Drone x2  
  38  3:26  Drone  
  42  3:32  Zergling x2  
  43  3:46  Drone  
  44  3:50  Overlord  
  44  3:51  Extractor x2, Overlord  
  42  4:04  Spore Crawler  
  41  4:26  Drone x8  
  41  4:27  Drone x5  
  54  4:34  Roach  
  55  4:42  Roach x2  
  59  4:58  Overlord x4  
  59  5:33  Roach x6  
  71  5:45  Hatchery  
  70  5:50  Ravager x3  
  70  5:54  Drone x2  
  75  5:57  Overlord x3  
  75  6:16  Zergling x2  
  77  6:18  Ravager  
  77  6:19  Ravager x2  
  77  6:20  Roach x3  
  85  6:28  Drone x4  
  85  6:29  Drone  
  90  6:34  Ravager  
  90  6:35  Ravager x2  
  90  6:36  Roach x3  
  98  7:01  Lair  
  81  7:25  Roach  
  81  7:26  Roach x11  
  105  7:36  Overlord  
  105  7:37  Overlord x2  
  105  7:38  Overlord x2  
  105  7:43  Extractor  
  104  8:00  Spore Crawler  
  104  8:03  Roach x2  
  104  8:04  Roach x7  
  121  8:19  Ravager x2  
  117  8:20  Ravager  
  117  8:21  Ravager  
  117  8:22  Ravager x7  
  117  8:24  Ravager x2  
  127  8:31  Extractor  
  126  8:52  Roach x12  
  126  8:53  Roach x3  
  126  9:06  Roach x6  
  126  9:07  Roach x4  
  131  9:17  Roach x5  
  126  9:24  Roach  
  126  9:31  Drone x2  
  120  9:32  Drone  
  121  9:49  Glial Reconstitution  
  121  9:54  Overseer  
  121  9:55  Evolution Chamber  
  121  9:56  Evolution Chamber  
  119  10:03  Overlord  
  119  10:04  Overlord x5  
  119  10:05  Ravager x3  
  119  10:06  Ravager x4  
  127  10:07  Drone x4  
  127  10:08  Drone  
  131  10:17  Ravager x2  
  133  10:22  Roach x2  
  133  10:23  Roach  
  138  10:35  Drone x2  
  138  10:36  Drone x3  
  138  10:39  Ravager x4  
  146  11:09  Extractor  
  146  11:10  Hatchery  
  144  11:21  Ravager x3  
  145  11:26  Ravager x7  
  145  11:28  Drone  
  145  11:29  Drone x2  
  145  11:31  Drone x2  
  145  11:32  Drone  
  158  11:35  Roach x5  
  168  11:43  Extractor  
  161  11:48  Roach  
  161  11:49  Roach x8  
  137  12:11  Roach x3  
  137  12:12  Roach x12  
  155  12:33  Ravager x3  
  155  12:34  Ravager  
  159  12:39  Zerg Missile Weapons Level 1  
  137  12:51  Roach x9  
  145  13:11  Roach x4  
  153  13:29  Ravager x9  
  140  14:08  Ravager  
  140  14:09  Roach x12  
  165  14:18  Zerg Ground Armor Level 1  
  165  14:23  Ravager x3  
  165  14:24  Infestation Pit, Ravager x4  
  140  15:10  Roach x12  
  140  15:11  Roach x5  
  145  15:21  Roach x5  
  115  15:45  Roach x8  
  128  15:50  Ravager x9  
  128  15:52  Ravager x2  
  128  15:53  Ravager x2  
  140  16:04  Ravager x2  
  142  16:10  Hive  
  142  16:29  Hatchery  
  140  16:39  Hatchery  
  128  17:05  Queen x2  
  128  17:41  Queen  
  130  17:49  Hatchery  
  129  18:06  Queen  
  131  18:19  Roach x13  
  171  18:20  Roach x14  
Show
View Real Time Build Order
Export as new Build Order

Five Terran 

Build Orders: 1/1/1, Cyclone Opening, MMM Bio 

Get SALT Encoding   

  12  0:01  SCV  
  13  0:13  SCV  
  14  0:19  Supply Depot  
  14  0:25  SCV  
  15  0:30  Refinery  
  15  0:40  SCV  
  16  0:46  Barracks  
  16  0:52  SCV  
  17  1:04  SCV  
  18  1:12  Refinery  
  18  1:16  SCV  
  19  1:20  Supply Depot  
  19  1:29  SCV  
  20  1:44  Factory  
  20  1:48  Orbital Command  
  20  1:51  Barracks Reactor  
  20  2:07  Supply Depot  
  20  2:14  SCV  
  21  2:26  SCV  
  21  2:29  Starport, Cyclone  
  25  2:30  Marine  
  25  2:33  Marine  
  27  2:39  SCV  
  28  2:46  Supply Depot  
  28  2:47  Liberator  
  28  2:48  Marine  
  29  2:51  Marine  
  29  2:56  SCV  
  31  3:02  Factory Tech Lab  
  34  3:14  Marine x2  
  36  3:30  Factory Reactor  
  36  3:32  Marine x2  
  38  3:44  Command Center  
  38  3:54  Raven  
  40  3:55  Marine  
  40  3:56  Marine  
  40  4:02  Barracks  
  42  4:10  Barracks  
  42  4:23  Marine  
  42  4:24  Widow Mine, Marine  
  44  4:26  SCV  
  47  4:35  Supply Depot  
  47  4:37  Supply Depot  
  47  4:51  Barracks Tech Lab  
  47  4:55  Widow Mine, Raven, Marine  
  47  4:56  Orbital Command  
  52  5:12  Orbital Command  
  52  5:19  Barracks Reactor  
  52  5:20  Stimpack  
  52  5:23  Marine  
  52  5:24  Widow Mine, Marine  
  52  5:25  Widow Mine  
  52  5:28  SCV  
  59  5:34  Marine  
  60  5:41  SCV x2  
  62  5:50  Medivac  
  62  5:53  SCV  
  62  5:55  Marine x2  
  62  5:56  Widow Mine x2  
  71  6:01  Marine x3  
  71  6:03  SCV  
  75  6:05  SCV  
  76  6:14  Supply Depot  
  76  6:16  Supply Depot  
  76  6:26  Marine x2  
  78  6:35  Widow Mine x2, Marauder, Marine, Supply Depot  
  85  6:47  Barracks, Starport Reactor  
  85  6:48  Barracks  
  53  7:23  Widow Mine x2, Marine x2  
  53  7:25  Medivac x2  
  53  7:26  Marine x2, Combat Shields  
  53  7:28  Marine  
  66  7:35  SCV x2  
  68  7:37  Refinery  
  68  7:39  Command Center, Supply Depot  
  68  7:41  Marine  
  69  7:45  Engineering Bay  
  69  7:49  Engineering Bay  
  69  7:53  SCV x2  
  71  8:05  Medivac x2  
  69  8:06  Widow Mine  
  72  8:18  Marine x2  
  72  8:19  Marauder, Marine  
  75  8:22  Marine x2  
  75  8:23  Marauder, SCV  
  76  8:32  SCV  
  76  8:33  Refinery  
  77  8:38  Terran Infantry Armor Level 1, Terran Infantry Weapons Level 1  
  77  8:40  Barracks Reactor  
  71  8:54  Marauder, Marine x3  
  58  8:57  Marine  
  58  8:58  Marine  
  54  9:12  Marine x3  
  54  9:16  Marauder  
  57  9:18  Marine  
  56  9:24  Marine  
  56  9:27  SCV  
  58  9:34  SCV  
  58  9:35  SCV  
  60  9:41  Widow Mine  
  62  9:51  Marine  
  62  9:52  Marauder, Marine x2  
  67  9:53  Marine  
  68  10:03  Widow Mine  
  70  10:07  Armory  
  70  10:09  Orbital Command, SCV  
  70  10:11  SCV  
  72  10:18  Marine x2  
  72  10:19  Marauder  
  72  10:21  SCV  
  77  10:23  SCV  
  77  10:27  Marine  
  77  10:28  Marauder  
  81  10:31  Marine x2  
  81  10:33  SCV  
  84  10:35  SCV  
  84  10:42  Supply Depot  
  85  10:43  Supply Depot  
  85  10:45  Unknown, SCV x2  
  87  10:53  Marine  
  87  10:54  Marauder, Marine x3  
  93  11:04  SCV x2  
  95  11:05  Supply Depot  
  94  11:14  Marauder, Unknown, Marine x3  
  94  11:16  Marauder  
  98  11:27  Widow Mine x2  
  98  11:28  Marine, Medivac x2  
  98  11:31  SCV  
  108  11:34  Supply Depot  
  108  11:43  Marauder  
  101  11:58  SCV  
  101  11:59  SCV  
  80  12:15  Marauder, Marine x3  
  85  12:16  Marauder  
  85  12:20  Marine  
  85  12:22  Orbital Command  
  86  12:27  Marine  
  85  12:33  Marine  
  86  12:41  Marine  
  86  12:42  Widow Mine  
  86  12:43  Widow Mine  
  86  12:47  Marauder  
  86  12:48  Marine  
  86  12:59  SCV  
  86  13:04  SCV, Marine  
  86  13:32  Marauder, Marine x6, Medivac  
  86  13:49  Marauder  
  86  13:54  Marauder  
  75  14:04  Supply Depot  
  75  14:05  Supply Depot  
  75  14:09  Marine x4, Supply Depot  
  79  14:10  Marauder, Marine  
  79  14:15  Marauder  
  84  14:18  Marine  
  85  14:30  Marine  
  85  14:31  Marine x3  
  88  14:32  Marauder  
  88  14:37  Marauder  
  93  14:39  Marine x2  
  86  14:53  Marauder  
  86  14:58  Marauder  
  82  15:04  Marine x3  
  67  15:14  Marine  
  67  15:15  Marauder  
  67  15:19  Marauder  
  41  15:30  Marine  
  38  15:36  Marauder  
  38  15:41  Marauder  
  33  15:46  Marine  
  32  15:57  Marauder  
  32  16:02  Marauder  
  36  16:09  Medivac  
  36  16:10  Marine x2  
  40  16:16  SCV  
  41  16:19  Marine x2  
  43  16:28  SCV  
  28  16:41  Marauder  
  28  16:54  Marine  
Tags
 
Add a new tag
Caveats
  • Supply blocks, unpowered buildings, or Contaminate may cause inaccurate times.
  • Supply counts are checked every 10 seconds.